AoeStats
← Juanfreelance

Arabia

509423829Analyzed
2v2 RM · 5d ago on Sep 26, 2026· 49m 10s· 4 players
Game mode
Random Map
Map size
Medium (4 player)
Population
200
Speed
Normal
Resources
Standard
Victory
Conquest
Starting age
Dark Age
Ending age
Imperial Age
RankedLock teamsTeams togetherTeam positionsShared explorationLock speedFull tech treeHidden civsTurbo modeCheats
Victory
Defeat
🇨🇴 Aztecs · Colombia
1331
+14
🇵🇦 Persians · Panama
1301
+16
🇩🇪 Ethiopians · Germany
1300
-15
🇩🇪 Sicilians · Germany
1289
-15
Brezel
6:48 Loom
10:14 Feudal Age
10:51 Horse Collar
10:57 Double-Bit Axe
21:09 Castle Age
21:20 Scale Mail Armor
21:53 Arson
26:00 Squires
27:51 Wheelbarrow
29:10 Chain Mail Armor
34:10 Pikeman
38:15 Hand Cart
38:54 Forging
39:48 Fletching
43:21 Iron Casting
48:16 Imperial Age
kecksesindgeil
6:50 Loom
9:46 Feudal Age
10:15 Double-Bit Axe
18:53 Fletching
20:56 Wheelbarrow
26:29 Castle Age
27:17 Bodkin Arrow
27:26 Crossbowman
28:59 Padded Archer Armor
33:25 Leather Archer Armor
33:11 Scale Mail Armor
34:55 Forging
37:34 Chain Mail Armor
45:38 Squires
ELEG | KYNBA
7:14 Loom
9:39 Feudal Age
10:30 Double-Bit Axe
12:06 Man-at-Arms
16:54 Town Watch
19:09 Fletching
19:20 Scale Mail Armor
20:07 Forging
24:59 Castle Age
23:26 Horse Collar
24:04 Gold Mining
25:07 Eagle Warrior
25:51 Squires
26:18 Bow Saw
26:30 Chain Mail Armor
26:50 Iron Casting
27:26 Gold Shaft Mining
Juanfreelance
5:59 Loom
9:03 Feudal Age
9:33 Horse Collar
9:39 Double-Bit Axe
21:13 Castle Age
19:09 Gold Mining
19:39 Forging
19:34 Scale Barding Armor
20:25 Bloodlines
21:58 Husbandry
22:45 Iron Casting
22:11 Heavy Plow
26:24 Chain Barding Armor
32:18 Gold Shaft Mining
36:00 Wheelbarrow
36:41 Fletching
37:20 Hand Cart
37:20 Bow Saw
41:15 Imperial Age
40:52 Cavalier
42:39 Blast Furnace
42:15 Plate Barding Armor
42:19 Light Cavalry
43:02 Savar
44:46 Kamandaran
45:29 Conscription
44:56 Town Watch
46:18 Two-Man Saw
47:54 Town Patrol
48:26 Crop Rotation
Connection lost

Rejoining the realm…

Still unreachable

The connection could not be restored.

Session expired

The server has moved on; the page needs a fresh start.